 Dungeon Crawl Stone Soup version 0.28.0-45-g0d030f2227 (webtiles) character file.

Game seed: 1509918738949852476

35 Calamitas the Slasher (level 3, -1/33 HPs)
             Began as a Minotaur Berserker on Apr 11, 2022.
             Was a Believer of Trog.
             Slain by an ogre
             ... wielding a +0 giant spiked club
              (6 damage)
             ... on level 5 of the Dungeon.
             The game lasted 00:07:28 (784 turns).

Calamitas the Slasher (Minotaur Berserker)           Turns: 784, Time: 00:07:29

Health: -1/33      AC:  2    Str: 23    XL:     3   Next: 17%
Magic:  2/2        EV: 12    Int:  4    God:    Trog [**....]
Gold:   49         SH:  0    Dex:  9    Spells: 2/2 levels left

rFire   . . .      SeeInvis .   a - +0 falchion
rCold   . . .      Faith    .   (no shield)
rNeg    . . .      Spirit   .   b - +0 animal skin
rPois   .          Reflect  .   (helmet restricted)
rElec   .          Harm     .   (no cloak)
rCorr   .          Rampage  .   (no gloves)
Will    .....                   (no boots)
Stlth   +.........              (no amulet)
HPRegen 0.11/turn               (no ring)
MPRegen 0.08/turn               (no ring)

@: no status effects
A: horns 2, retaliatory headbutt
a: Renounce Religion, Berserk, Trog's Hand


You were on level 5 of the Dungeon.
You worshipped Trog.
Trog was pleased with you.
You visited 2 branches of the dungeon, and saw 5 of its levels.

You collected 49 gold pieces.

Inventory:

Hand Weapons
 a - a +0 falchion (weapon)
Missiles
 h - 9 sling bullets
Armour
 b - a +0 animal skin (worn)
 c - a +0 hat
Scrolls
 e - a scroll of silence {unknown}
 f - 2 scrolls of immolation {unknown}
 g - a scroll of noise {unknown}
Potions
 d - a potion of might {unknown}


   Skills:
 + Level 4.0 Fighting
 + Level 4.5 Long Blades
 + Level 2.4 Armour
 + Level 2.7 Dodging
 + Level 0.1 Stealth


You had 2 spell levels left.
You didn't know any spells.
Your spell library contained the following spells:

 Spells                   Type           Power      Damage    Failure   Level
 Apportation              Tloc           0%         N/A       50%         1
 Alistair's Intoxication  Tmut/Pois      0%         N/A       100%        5


Dungeon Overview and Level Annotations

Branches:
Dungeon (5/15)             Temple (1/1) D:4

Altars:
Ashenzari
Dithmenos
Elyvilon
Gozag
Okawaru
Qazlal
Sif Muna
Wu Jian
Xom
Yredelemnul
Zin
The Shining One

Shops:
D:1 (


Innate Abilities, Weirdness & Mutations

You have a pair of horns on your head.
You reflexively headbutt those who attack you in melee.


Message History

HP restored.
Found three altars.
Found four altars.
Found three altars.
Found a basalt altar of Yredelemnul.
There is a stormy altar of Qazlal here.
You kneel at the altar of Qazlal.
There is a basalt altar of Yredelemnul here.
You kneel at the altar of Yredelemnul.
There is a shimmering blue altar of Sif Muna here.
You kneel at the altar of Sif Muna.
There is a shimmering altar of Xom here.
You kneel at the altar of Xom.
There is a white marble altar of Elyvilon here.
You kneel at the altar of Elyvilon.
Found an opulent altar of Gozag.
There is a shadowy altar of Dithmenos here.
There is an opulent altar of Gozag here.
You kneel at the altar of Gozag.
Sorry, I don't know how to traverse that place.
There is a staircase back to the Dungeon here.
You climb upwards.
Welcome back to the Dungeon!
You hear the sound of rushing water.
There is an entrance to a sewer on this level.
Hurry and find it before the portal rusts away!
You hear the slow rusting of a very distant drain.
The ogre misses you.
There is a staircase to the Ecumenical Temple here.
The ogre hits you with a +0 giant spiked club!!
Ouch! That really hurt!
* * * LOW HITPOINT WARNING * * *
The ogre misses you.
There is a stone staircase leading down here.
You climb downwards.
Found a scroll labelled ZUCEBI SOFFIG.
There is a stone staircase leading up here.
The ogre closely misses you. The ogre barely misses you.
You see here a scroll labelled ZUCEBI SOFFIG.
The ogre hits you with a +0 giant spiked club.
You die...

###### #....#
#....# #....#
♣♣##....#
♣♣P......#
♣♣.P......#
♣.P....@?.#
.♣.P....O.#####
♣♣♣##..........
#....######
##....##
#.#...<#
#.#.#### #.#.#
#...#


You could see an ogre.

Vanquished Creatures
  2 dart slugs
  2 bats (D:2)
  2 endoplasms
  3 giant cockroaches (D:1)
  3 goblins (D:1)
  2 hobgoblins (D:1)
  5 kobolds (D:1)
  2 quokkas
  A ball python (D:1)
  2 frilled lizards (D:1)
  4 rats (D:1)
28 creatures vanquished.

Notes
Turn   | Place    | Note
-------+----------+-------------------------------------------
     0 | D:1      | Calamitas the Minotaur Berserker began the quest for the
                  | Orb.
     0 | D:1      | Reached XP level 1. HP: 19/19 MP: 0/0
    78 | D:1      | Reached XP level 2. HP: 11/27 MP: 1/1
    85 | D:1      | Found Rifazik's Antique Weapon Shoppe.
   419 | D:1      | Reached ** piety under Trog
   586 | D:2      | Reached XP level 3. HP: 33/33 MP: 2/2
   649 | D:2      | You fall into a shaft and drop 2 floors!
   654 | D:4      | Found a staircase to the Ecumenical Temple.
   660 | D:4      | Noticed an ogre
   663 | Temple   | Entered the Ecumenical Temple
   769 | D:5      | Entered Level 5 of the Dungeon
   784 | D:5      | Slain by an ogre

Illustrated notes

Levels and vault maps discovered:
D:1:      mushboom_english_gardens, layout_rooms, serial_shops, shop
D:2:      layout_basic, chequers_ecumenical_altar_island, basic_altar,
          kennysheep_pointless_box, chequers_garden
D:4:      layout_basic, grunt_temple_overflow_open,
          mainiacjoe_overflow_six_doors_small,
          minmay_temple_entry_drinking_statues, serial_undead, serial_undead_f,
          serial_undead_f, serial_undead_d, serial_undead_c,
          portal_sewer_entry_b, uniq_sigmund, uniq_ijyb
D:5:      layout_basic, nicolae_stop_n_shop_2, uniq_crazy_yiuf_cottage
Temple:   minmay_temple_bridge_abc

Skill      XL: |  1  2 |
---------------+-------+-----
Long Blades    | 4 |  4.5
Fighting       | 4 |  4.0
Armour         | |  2.4
Dodging        | |  2.7
Stealth        | |  0.1

Action                   || total
-------------------------++-------
Melee: Falchion          ||    56
       Headbutt          ||     6
       Punch             ||     1
 Stab: Distracted        ||     1
Armor: Animal skin       ||     9
Dodge: Dodged            ||    31
